 Dungeon Crawl Stone Soup version 0.29-a0-275-g389c0b56f3 (webtiles) character file.

Game seed: 18389192178201633700

1853 brightshaft the Nimble (level 9, 0/68 HPs)
             Began as a Merfolk Gladiator on Mar 10, 2022.
             Was a Believer of Okawaru.
             Slain by an orc warrior
             ... wielding a +0 glaive
              (17 damage)
             ... on level 5 of the Dungeon.
             The game lasted 00:12:17 (7579 turns).

brightshaft the Nimble (Merfolk Gladiator)          Turns: 7579, Time: 00:12:17

Health: 0/68       AC:  8    Str: 15    XL:     9   Next: 12%
Magic:  9/9        EV: 16    Int:  7    God:    Okawaru [**....]
Gold:   395        SH:  0    Dex: 19    Spells: 8/8 levels left

rFire   x . .      SeeInvis +   a - +0 long sword
rCold   + . .      Faith    .   (no shield)
rNeg    + + .      Spirit   .   q - +0 ring mail
rPois   .          Reflect  .   c - +0 helmet
rElec   .          Harm     .   (no cloak)
rCorr   .          Rampage  .   j - +0 pair of gloves
Will    .....                   (no boots)
Stlth   +.........              (no amulet)
HPRegen 0.21/turn               l - ring of Tatagov {rF- rC+ rN++ SInv}
MPRegen 0.11/turn               (no ring)

@: no status effects
A: (nimble swimmer 2), mertail
a: Renounce Religion, Heroism


You were on level 5 of the Dungeon.
You worshipped Okawaru.
Okawaru was pleased with you.
You visited 2 branches of the dungeon, and saw 6 of its levels.

You collected 395 gold pieces.

Inventory:

Hand Weapons
 a - a +0 long sword (weapon)
Missiles
 d - 5 throwing nets (quivered)
 e - 4 javelins
Armour
 b - a +0 leather armour
 c - a +0 helmet (worn)
 j - a +0 pair of gloves (worn)
 q - a +0 ring mail (worn)
 s - a +0 scale mail
 t - a +0 buckler
Jewellery
 l - the ring of Tatagov (left hand) {rF- rC+ rN++ SInv}
   (You found it on level 3 of the Dungeon)

   [ring of see invisible]

   rF:        It makes you vulnerable to fire.
   rC:        It protects you from cold.
   rN:        It greatly protects you from negative energy.
   SInv:      It lets you see invisible.
 w - a ring of protection from cold
Wands
 f - a wand of flame (15)
 i - a wand of digging (2)
Scrolls
 g - 2 scrolls of teleportation
 k - a scroll of fog
Potions
 h - 4 potions of curing
 n - a potion of might {unknown}
 o - 3 potions of attraction {unknown}
 p - 3 potions of heal wounds
 v - a potion of invisibility {unknown}
 x - 2 potions of brilliance {unknown}


   Skills:
 + Level 5.4 Fighting
 * Level 8.6 Long Blades
 + Level 3.6 Throwing
 + Level 3.2 Armour
 * Level 9.0 Dodging


You had 8 spell levels left.
You didn't know any spells.
Your spell library contained the following spells:

 Spells                   Type           Power      Damage    Failure   Level
 Confusing Touch          Hex            0%         N/A       95%         3
 Ozocubu's Armour         Ice            0%         N/A       95%         3
 Yara's Violent Unravell  Hex/Tmut       0%         3d3       100%        5
 Enfeeble                 Hex            0%         N/A       100%        7
 Ozocubu's Refrigeration  Ice            0%         4d5       100%        7


Dungeon Overview and Level Annotations

Branches:
Dungeon (5/15)             Temple (1/1) D:5

Altars:
Ashenzari
Cheibriados
Dithmenos
Elyvilon
Fedhas
Gozag
Hepliaklqana
Kikubaaqudgha
Makhleb
Okawaru
Qazlal
Ru
Sif Muna
Trog
Uskayaw
Vehumet
Wu Jian
Xom
Yredelemnul
Zin
The Shining One

Shops:
D:2 (


Innate Abilities, Weirdness & Mutations

((You are very nimble when in or above water. (Stealth+, EV+, Speed+++)))
Your lower body shifts to a powerful aquatic tail in water.


Message History

You now have 353 gold pieces (gained 8).
You now have 368 gold pieces (gained 15).
You now have 385 gold pieces (gained 17).
k - a scroll of fog You now have 395 gold pieces (gained 10).
The orc warrior shouts!
You see here a brown potion.
The orc warrior hits you with a +0 glaive!
You slash the orc warrior!
The orc warrior is moderately wounded.
The orc warrior closely misses you.
You slash the orc warrior!
The orc warrior is heavily wounded.
The orc warrior barely misses you.
You hit the orc warrior but do no damage.
The orc warrior is heavily wounded.
The orc warrior hits you with a +0 glaive!!
You closely miss the orc warrior.
The orc warrior is heavily wounded.
The orc warrior hits you with a +0 glaive!
You are too injured to fight recklessly!
You are too injured to fight recklessly!
You fail to use your ability.
The orc warrior completely misses you.
You hit the orc warrior but do no damage.
The orc warrior is heavily wounded.
The orc warrior completely misses you.
You hit the orc warrior but do no damage.
The orc warrior is heavily wounded.
The orc warrior closely misses you.
You slash the orc warrior!
The orc warrior is almost dead.
The orc warrior hits you with a +0 glaive!
* * * LOW HITPOINT WARNING * * *
You hit the orc warrior but do no damage.
The orc warrior is almost dead.
The orc warrior closely misses you.
You hit the orc warrior but do no damage.
The orc warrior is severely wounded.
The orc warrior hits you with a +0 glaive!
You die...

.## #.###......####.###.#.##.....
.# ###..)####...###.............
.# #..≈##...###≈..####.......<..
.##....##......##....#####.....).
##.≈..##..####..##..≈.####......#
...≈##..# ##..##≈...#........#
≈...#..# ##!.#...≈###......#
.≈≈..8. #.8#^≈≈.#.....[..# ...≈#.
#@.#≈.....###.##.# .≈#.
#o.#≈^..### #.##.# #.8#.≈≈.#
#.##.. ##..#...≈# #.####
#..##≈...# #.# # #..##.)≈.## #.#
# . ....##....## #.#### .l≈
#..###...#.# #..#..
#Yho####n..###.# ##.#..


You could see an orc warrior.

Vanquished Creatures
  A black bear (D:5)
  An ice beast (D:5)
  2 sky beasts (D:5)
  An ogre (D:4)
  A centaur (D:5)
  3 phantoms
  A bullfrog (D:3)
  2 necrophages (D:5)
  6 scorpions
  A killer bee (D:5)
  A howler monkey (D:5)
  2 jellies (D:4)
  A hound (D:5)
  3 orc priests (D:5)
  Jessica (D:2)
  3 iguanas
  Natasha (D:2)
  An orc wizard (D:5)
  3 gnolls (D:3)
  6 adders
  An ufetubus (D:5)
  A worm (D:2)
  5 dart slugs
  12 orcs
  3 endoplasms
  3 giant cockroaches
  4 hobgoblins
  6 kobolds
  2 quokkas (D:1)
  6 ball pythons
  4 bats
  2 frilled lizards
  5 goblins
  9 rats
104 creatures vanquished.

Vanquished Creatures (others)
  A quokka (D:5)
1 creature vanquished.

Grand Total: 105 creatures vanquished

Notes
Turn   | Place    | Note
-------+----------+-------------------------------------------
     0 | D:1      | brightshaft the Merfolk Gladiator began the quest for the
                  | Orb.
     0 | D:1      | Reached XP level 1. HP: 16/16 MP: 1/1
   433 | D:1      | Reached XP level 2. HP: 19/23 MP: 2/2
  1090 | D:2      | Noticed Jessica
  1094 | D:2      | Killed Jessica
  1095 | D:2      | Reached XP level 3. HP: 28/28 MP: 3/3
  1137 | D:2      | Reached skill level 1 in Armour
  1137 | D:2      | Reached XP level 4. HP: 16/34 MP: 4/4
  1528 | D:2      | Found Capsuleq's Weapon Shoppe.
  1585 | D:2      | Noticed Natasha
  1590 | D:2      | Killed Natasha
  1591 | D:2      | Reached skill level 5 in Long Blades
  1695 | D:2      | Found a shimmering blue altar of Sif Muna.
  1753 | D:2      | Reached XP level 5. HP: 38/41 MP: 5/5
  1794 | D:2      | Identified the +11 war axe of the Evil Eye {venom, Int+4}
  2210 | D:3      | Identified the ring of Tatagov {rF- rC+ rN++ SInv}
  2478 | D:3      | Reached skill level 5 in Dodging
  2972 | D:4      | Reached XP level 6. HP: 34/47 MP: 6/6
  3706 | D:4      | Reached skill level 6 in Dodging
  3909 | D:4      | Reached XP level 7. HP: 35/53 MP: 7/7
  4882 | D:5      | Entered Level 5 of the Dungeon
  4963 | D:5      | Found a staircase to the Ecumenical Temple.
  4972 | Temple   | Entered the Ecumenical Temple
  5078 | Temple   | Became a worshipper of Warmaster Okawaru
  5436 | D:5      | Reached skill level 7 in Dodging
  5712 | D:4      | Reached XP level 8. HP: 16/61 MP: 8/8
  5956 | D:5      | Reached * piety under Okawaru
  6747 | D:5      | Reached skill level 8 in Dodging
  7034 | D:5      | Reached skill level 5 in Fighting
  7062 | D:5      | Reached ** piety under Okawaru
  7358 | D:5      | Reached XP level 9. HP: 54/68 MP: 9/9
  7463 | D:5      | Reached skill level 9 in Dodging
  7579 | D:5      | Slain by an orc warrior

Illustrated notes

Levels and vault maps discovered:
D:1:      dpeg_arrival_prison, layout_basic, minmay_misc_feat_tower
D:2:      kennysheep_six_static_rooms, layout_basic, basic_altar, serial_shops,
          nicolae_shop_bloodbath_and_beyond, uniq_jessica, uniq_natasha
D:3:      layout_basic
D:4:      layout_layer_cave
D:5:      black_bear_nest_2, layout_loops_ring, minmay_temple_entry_grid,
          nzn_random_ring
Temple:   kilobyte_greek_temple

Skill      XL: |  1  2  3  4  5  6  7  8  9 |
---------------+----------------------------+-----
Long Blades    | 4 5 6 7 8 |  8.6
Armour         | 1 2 3 |  3.2
Fighting       | 3 4 5 |  5.4
Dodging        | 5 6 7 8 9 |  9.0
Throwing       | 3 |  3.6

Action                   |  1- 3 |  4- 6 |  7- 9 || total
-------------------------+-------+-------+-------++-------
Melee: Long sword        |    57 |   153 |   254 ||   464
       Punch             |     1 |     2 |     4 ||     7
  Use: Scroll            |       |     4 |     7 ||    11
       Potion            |       |     1 |       ||     1
 Stab: Sleeping          |     1 |     1 |       ||     2
       Distracted        |       |       |     1 ||     1
Armor: Leather armour    |    13 |    10 |       ||    23
       Ring mail         |       |    35 |    78 ||   113
       Scale mail        |       |     8 |       ||     8
Dodge: Dodged            |    39 |   134 |   206 ||   379

Table legend: (Time is in decaauts)
 A = Elapsed time spent in this place.
 B = Non-inter-level travel time spent in this place.
 C = Inter-level travel time spent in this place.
 D = Time resting spent in this place.
 E = Time spent auto-exploring this place.
 F = Levels seen in this place.
 G = Mean time per level.
                   A        B        C        D        E       F      G
               +--------+--------+--------+--------+--------+-----+--------+
         Total |   7618 |   7450 |    168 |      0 |   6181 |   6 | 1269.7 |
       Dungeon |   7382 |   7262 |    120 |      0 |   6014 |   5 | 1476.4 |
        Temple |    236 |    188 |     48 |      0 |    167 |   1 |  236.0 |
               +--------+--------+--------+--------+--------+-----+--------+

Top non-repeatable levels by time:
     D:4: 2561 daAuts
     D:5: 1942 daAuts
     D:2: 1046 daAuts
     D:1: 916 daAuts
     D:3: 915 daAuts
  Temple: 236 daAuts
